Map: [ESL] Inside and Out

Players

PiLiPiLi - Winner!

  • Race: Protoss Protoss
  • Spawn Location: 1:00

Creature

  • Race: Protoss Protoss
  • Spawn Location: 7:00

Event: DreamHack SC2 Masters 2022 Atlanta (Online)

VOD

Have the link to the VOD?

Description

Time

  • Played on: Oct. 7, 2022, 3:28 p.m.
  • Length: 4:36

All games in this series

Show
View Real Time Build Order
Export as new Build Order

PiLiPiLi Protoss - Winner!

Build Orders:  

Get SALT Encoding   

  12  0:00  Probe  
  13  0:12  Probe  
  14  0:19  Pylon  
  14  0:24  Probe  
  15  0:37  Probe (Chrono Boost), Gateway  
  16  0:47  Probe (Chrono Boost), Assimilator  
  17  0:52  Probe (Chrono Boost)  
  17  0:55  Assimilator  
  18  1:03  Probe  
  19  1:15  Probe  
  20  1:22  Pylon  
  20  1:25  Cybernetics Core  
  20  1:28  Probe  
  20  1:30  Zealot  
  23  1:40  Probe  
  24  1:53  Probe  
  25  2:02  Warp Gate (Chrono Boost), Stalker (Chrono Boost)  
  25  2:08  Probe  
  28  2:25  Stalker  
  30  2:34  Gateway x2  
  30  2:36  Gateway  
  30  2:39  Pylon  
  30  2:44  Shield Battery  
  30  2:57  Stalker  
  30  3:19  Gateway  
  28  3:37  Pylon  
  28  3:40  Stalker x4  
  34  3:47  Pylon  
  32  4:10  Shield Battery, Stalker x3  
  36  4:23  Stalker  
Show
View Real Time Build Order
Export as new Build Order

Creature Protoss 

Build Orders: Oracle Opening 

Get SALT Encoding   

  12  0:00  Probe  
  13  0:12  Probe  
  14  0:18  Pylon  
  14  0:24  Probe  
  15  0:36  Gateway  
  15  0:37  Probe (Chrono Boost)  
  16  0:47  Probe (Chrono Boost)  
  16  0:48  Assimilator  
  17  0:52  Probe (Chrono Boost)  
  18  1:04  Probe (Chrono Boost)  
  19  1:05  Assimilator  
  19  1:08  Pylon  
  19  1:13  Probe (Chrono Boost)  
  19  1:18  Probe (Chrono Boost)  
  20  1:24  Cybernetics Core  
  21  1:30  Probe  
  22  1:34  Zealot  
  24  1:42  Probe  
  25  2:03  Stargate  
  26  2:09  Stalker  
  28  2:22  Nexus  
  27  2:28  Probe  
  28  2:33  Warp Gate  
  28  2:36  Pylon  
  29  2:50  Oracle (Chrono Boost)  
  29  2:56  Shield Battery  
  31  3:01  Probe  
  30  3:15  Probe  
  29  3:32  Probe  
  29  3:33  Void Ray (Chrono Boost)  
  34  3:39  Probe  
  35  3:44  Probe  
  36  3:50  Stalker  
  36  3:51  Probe  
  39  3:56  Probe  
  40  4:03  Shield Battery  
  40  4:15  Probe  
  41  4:17  Probe  
Tags
 
Add a new tag
Caveats
  • Supply blocks, unpowered buildings, or Contaminate may cause inaccurate times.
  • Supply counts are checked every 10 seconds.